 Dungeon Crawl Stone Soup version 0.29.1-1-gd02db6906a (webtiles) character file.

Game seed: 6252864191630171449

121 KamiKatze the Conjurer (level 5, 0/31 HPs)
             Began as an Octopode Conjurer on Sept 28, 2022.
             Slain by a centaur zombie (3 damage)
             ... in an ossuary.
             The game lasted 00:10:04 (2695 turns).

KamiKatze the Conjurer (Octopode Conjurer)          Turns: 2695, Time: 00:10:04

Health: 0/31       AC:  1    Str:  6    XL:     5   Next: 5%
Magic:  0/9        EV: 14    Int: 22    God:
Gold:   240        SH:  0    Dex: 17    Spells: 3/10 levels left

rFire   . . .      SeeInvis .   g - +1 short sword
rCold   . . .      Faith    .   (no shield)
rNeg    . . .      Spirit   .   (helmet restricted)
rPois   .          Reflect  .   (no amulet)
rElec   .          Harm     .   j - +6 ring of dexterity
rCorr   .          Rampage  .   (no ring)
Will    .....                   (no ring)
Stlth   ++++......              (no ring)
HPRegen 0.10/turn               (no ring)
MPRegen 0.11/turn               (no ring)
                                (no ring)
                                (no ring)

@: no status effects
A: almost no armour, amphibious, 8 rings, camouflage 1, gelatinous body 1,
(nimble swimmer 1), tentacles
a: no special abilities


You were in an ossuary.
You visited 1 branch of the dungeon, and saw 4 of its levels.
You also visited: Ossuary.

You collected 240 gold pieces.

Inventory:

Hand Weapons
 d - a +0 whip
 f - a +0 dagger
 g - a +1 short sword (weapon)
Jewellery
 j - a +6 ring of dexterity (left tentacle)
Scrolls
 b - a scroll of enchant weapon
 e - 2 scrolls of silence
 i - a scroll of amnesia
Potions
 a - a potion of magic
 c - 2 potions of invisibility
 h - 2 potions of curing
 l - 3 potions of degeneration
 m - 2 potions of ambrosia
 o - a potion of brilliance


   Skills:
 + Level 2.6 Dodging
 + Level 3.7 Stealth
 * Level 3.1 Spellcasting
 + Level 4.3 Conjurations
 + Level 1.2 Hexes
 + Level 1.1 Translocations


You had 3 spell levels left.
You knew the following spells:

 Your Spells              Type           Power      Damage    Failure   Level
a - Magic Dart            Conj           88%        1d7       1%          1
b - Searing Ray           Conj           44%        2d6       3%          2
c - Fulminant Prism       Conj/Hex       7%         3d7       36%         4

Your spell library contained the following spells:

 Spells                   Type           Power      Damage    Failure   Level
 Dazzling Flash           Conj/Hex       30%        N/A       12%         3
 Iskenderun's Mystic Bla  Conj/Tloc      15%        2d5       36%         4
 Leda's Liquefaction      Hex/Erth       3%         N/A       67%         4
 Animate Dead             Necr           3%         N/A       77%         4
 Lee's Rapid Deconstruct  Erth           1%         3d5*      98%         5
 Statue Form              Tmut/Erth      2%         N/A       100%        6
 Haunt                    Necr/Summ      1%         N/A       100%        7
 Infestation              Necr           1%         N/A       100%        8


Dungeon Overview and Level Annotations

Branches:
Dungeon (4/15)            Ossuary (1/1)
 Temple: D:4-7

Altars:

Shops:
D:4 !

Annotations:
D:2 1 runed translucent door, exclusion: door, Crazy Yiuf
D:3 3 runed translucent doors, exclusion: 3 doors, topfpfpflanze's ghost, weakling DsNe


Innate Abilities, Weirdness & Mutations

You cannot wear most types of armour.
You are amphibious.
You can wear up to eight rings at the same time.
Your skin changes colour to match your surroundings (Stealth+).
Your rubbery body absorbs attacks. (AC +1, EV +1)
((You are camouflaged when in or above water. (Stealth+)))
You have tentacles for arms and can constrict up to eight enemies at once.


Message History

You destroy the kobold zombie!
The centaur zombie hits you.
* * * LOW HITPOINT WARNING * * *
The centaur zombie closely misses you. The centaur zombie barely misses you.
The centaur zombie kicks you.
* * * LOW HITPOINT WARNING * * *
The searing ray hits the centaur zombie!
You destroy the centaur zombie!
The searing ray hits the human zombie!
The human zombie is lightly damaged.
Your Spellcasting skill increases to level 3!
Your Translocations skill increases to level 1!
You have reached level 5!
You feel agile.
The searing ray hits the centaur zombie.
The centaur zombie is lightly damaged.
The searing ray misses the human zombie.
You finish channelling your searing ray.
The centaur zombie hits you.
* * * LOW HITPOINT WARNING * * *
The centaur zombie barely misses you.
Casting: Searing Ray (safe; 3% risk of failure)
Confirm with . or Enter, or press ? or * to list all spells.
Aiming: Searing Ray (safe; 3% risk of failure)
Press: ? - help, Shift-Dir - straight line, f - centaur zombie
Aim: a centaur zombie (lightly damaged, 100% to hit)
The searing ray hits the centaur zombie.
The centaur zombie is moderately damaged.
The searing ray hits the human zombie!
The human zombie is moderately damaged. (Press . to maintain the ray.)
The centaur zombie hits you.
* * * LOW HITPOINT WARNING * * *
The centaur zombie barely misses you.
The searing ray hits the centaur zombie!
The centaur zombie is heavily damaged.
The searing ray hits the human zombie.
The human zombie is moderately damaged.
The centaur zombie hits you.
You die...

######################
#.........∩∩.........#
#.........@ZZ........#
#...##############...#
#...# #...# #...#
#Z..# #...####+....
#.Z.# #...#.....∩.#
#...# #...#.......#
#Z..# #...#.......#
#...# #...# ......##
#...#


You could see a centaur zombie and a human zombie.

Vanquished Creatures
  A centaur zombie (Ossuary)
  2 adders
  3 worms
  A dart slug (D:1)
  5 bats
  5 endoplasms
  A giant cockroach (D:2)
  3 goblins
  3 hobgoblins (D:2)
  3 jackals (D:2)
  5 kobolds
  3 quokkas
  2 ball pythons
  3 frilled lizards
  A goblin zombie (D:4)
  6 hobgoblin zombies (Ossuary)
  A jackal zombie (Ossuary)
  7 kobold zombies (Ossuary)
  9 orc zombies (Ossuary)
  A quokka zombie (D:4)
  5 rats
70 creatures vanquished.

Vanquished Creatures (others)
  3 fungi (D:2)
  A plant (D:2)
4 creatures vanquished.

Grand Total: 74 creatures vanquished

Notes
Turn   | Place    | Note
-------+----------+-------------------------------------------
     0 | D:1      | KamiKatze the Octopode Conjurer began the quest for the
                  | Orb.
     0 | D:1      | Reached XP level 1. HP: 11/11 MP: 3/3
   208 | D:1      | Reached XP level 2. HP: 17/17 MP: 0/5
   462 | D:1      | Learned a level 2 spell: Searing Ray
   840 | D:2      | Reached XP level 3. HP: 18/21 MP: 2/6
  1262 | D:2      | Found a faded altar of an unknown god.
  1618 | D:2      | Found a runed translucent door.
  1619 | D:2      | Noticed Crazy Yiuf
  1729 | D:3      | Reached skill level 1 in Hexes
  1746 | D:3      | Reached XP level 4. HP: 27/27 MP: 1/8
  2061 | D:3      | Found a runed translucent gate.
  2063 | D:3      | Found a runed translucent gate.
  2063 | D:3      | Found a runed translucent gate.
  2066 | D:3      | Noticed topfpfpflanze's ghost (weakling DsNe)
  2227 | D:4      | Found Wurues's Distillery.
  2323 | D:4      | Found a sand-covered staircase.
  2340 | Ossuary  | Entered an ossuary
  2405 | Ossuary  | Learned a level 4 spell: Fulminant Prism
  2693 | Ossuary  | Reached skill level 1 in Translocations
  2693 | Ossuary  | Reached XP level 5. HP: 10/31 MP: 4/9
  2695 | Ossuary  | Slain by a centaur zombie

Illustrated notes

Levels and vault maps discovered:
D:1:      scummos_arrival_checkerplants, layout_loops_ring,
          minmay_misc_feat_secret_circle
D:2:      layout_basic, dreamdust_ecumenical_altar_hidden_monk_grotto,
          uniq_crazy_yiuf_cottage
D:3:      layout_loops_ring, ebering_ghost_rock_garden
D:4:      layout_gridville, enter_ossuary_4, hangedman_abyss_or_decor_passed,
          nicolae_stop_n_shop_2, hangedman_decor_diamond_cutter, st_stairs_3
Ossuary:  ossuary_tomb_1

Skill      XL: |  1  2  3  4 |
---------------+-------------+-----
Stealth        | 3 |  3.7
Hexes          | 1 |  1.2
Spellcasting   | 3 |  3.1
Translocations | 1 |  1.1
Dodging        | |  2.6
Conjurations   | |  4.3

Action                   |  1- 3 |  4- 6 || total
-------------------------+-------+-------++-------
Melee: Unarmed           |     4 |       ||     4
       Tentacles         |    10 |     3 ||    13
       Constrict         |    12 |     9 ||    21
       Short sword       |    32 |    27 ||    59
       Whip              |     2 |       ||     2
       Punch             |     1 |     1 ||     2
 Cast: Magic Dart        |    43 |    46 ||    89
       Searing Ray       |     6 |     2 ||     8
  Use: Scroll            |     9 |     3 ||    12
 Stab: Sleeping          |     2 |     2 ||     4
Armor: Skin              |       |     5 ||     5
Dodge: Dodged            |    20 |    18 ||    38
